 Dungeon Crawl Stone Soup version 0.20.1-1-g8b1a95d (webtiles) character file.

41680 Jannitor the Nimble (level 13, -3/106 HPs)
             Began as a Vampire Chaos Knight on Sept 30, 2017.
             Killed from afar by an electric eel (5 damage)
             ... with a bolt of electricity
             ... on level 11 of the Dungeon on Oct 1, 2017.
             The game lasted 00:47:41 (17126 turns).

Jannitor the Nimble (Vampire Chaos Knight)         Turns: 17126, Time: 00:47:41

Health: -3/106     AC: 22    Str: 17      XL:     13   Next: 81%
Magic:  16/16      EV: 20    Int: 13 (14) God:    Xom [......]
Gold:   860        SH: 11    Dex: 13      Spells: 12/12 levels left

rFire    + . .     SeeInvis +   A - +0 scimitar (elec)
rCold    . . .     Gourm    .   s - +0 buckler
rNeg     . . .     Faith    .   O - +0 swamp dragon scales
rPois    +         Spirit   .   N - +2 hat {MR+}
rElec    .         Reflect  +   x - +0 cloak
rCorr    +         Harm     .   D - +2 pair of gloves
MR       ++...     Clarity  +   r - +0 pair of boots
Stlth    +++.......             E - +6 amulet of reflection
Regen    0.5/turn               i - ring of resist corrosion
MPRegen  0.2/turn               k - +2 ring of evasion

@: cleaving, regenerating quickly
A: antennae 1, fangs 3, icy blue scales 1, yellow scales 1, see invisible,
clarity, deterioration 1, dopey 1, fire resistance 1, screaming 1, shaggy fur 1,
strong 1, wild magic 1, unbreathing, sturdy frame 1
a: Renounce Religion


You were on level 11 of the Dungeon.
You worshipped Xom.
You were a very special plaything of Xom.
You were very full.

You visited 2 branches of the dungeon, and saw 17 of its levels.

You collected 860 gold pieces.

Inventory:

Hand Weapons
 a - a +0 falchion of slicing
 h - a +0 scimitar
 A - a +0 scimitar of electrocution (weapon)
 M - a +0 scimitar of draining
Armour
 m - a +3 chain mail of magic resistance
 r - a +0 pair of boots (worn)
 s - a +0 buckler (worn)
 x - a +0 cloak (worn)
 D - a +2 pair of gloves (worn)
 N - a +2 hat of magic resistance (worn)
 O - +0 swamp dragon scales (worn)
Jewellery
 i - a ring of resist corrosion (left hand)
 k - a +2 ring of evasion (right hand)
 E - a +6 amulet of reflection (around neck)
Wands
 b - a wand of confusion (30/48)
 g - a wand of iceblast (9/15)
 o - a wand of polymorph (2/24)
 q - a wand of lightning (7/15)
 w - a wand of iceblast (0/15)
 B - a wand of flame (28/48)
 G - a wand of flame (13/48)
 H - a wand of paralysis (3/24)
 K - a wand of digging (8/24)
Scrolls
 e - 6 scrolls of identify
 j - a scroll of fog
 l - a scroll of amnesia
 u - 2 scrolls of enchant armour
 z - a scroll of remove curse
Potions
 c - 24 potions of blood
 d - 6 potions of curing
 f - 2 potions of flight
 n - a potion of lignification
 t - a potion of magic
 v - a potion of mutation
 I - a potion of resistance
Books
 p - a book of Cantrips

   Spells                             Type                      Level
   a - Confusing Touch                Hexes                        1
   b - Animate Skeleton               Necromancy                   1
   c - Summon Small Mammal            Summoning                    1
   d - Apportation                    Translocation                1
 y - a book of Power

   Spells                             Type                      Level
   a - Iskenderun's Battlesphere      Conjuration/Charms           5
   b - Venom Bolt                     Conjuration/Poison           5
   c - Bolt of Magma                  Conjuration/Fire/Earth       5
   d - Iron Shot                      Conjuration/Earth            6
   e - Orb of Destruction             Conjuration                  7
   f - Spellforged Servitor           Conjuration/Summoning        7
Miscellaneous
 J - a fan of gales (inert)


   Skills:
 + Level 11.3 Fighting
 + Level 12.1 Long Blades
 + Level 7.8 Armour
 + Level 12.8 Dodging
 - Level 8.0 Stealth
 - Level 5.4 Shields
 + Level 4.1 Evocations


You had 12 spell levels left.
You didn't know any spells.

Dungeon Overview and Level Annotations

Branches:
Dungeon (11/15)            Temple (0/1) D:7            Lair (6/6) D:10
  Swamp (0/4) Lair:4       Spider (0/4) Lair:4        Slime (0/5) Lair:5
    Orc: D:9-12

Altars:
Ashenzari
Okawaru
Ru
Trog
Xom
The Shining One
Jiyva

Annotations:
D:3 1 runed door, Robin
D:10 exclusion: 2 doors
Lair:2 exclusions: door and 1 more exclusion
Lair:3 Snorg
Lair:6 2 runed doors, exclusion: hydra


Innate Abilities, Weirdness & Mutations

Your natural rate of healing is unusually fast.
You have razor-sharp teeth.
You have supernaturally acute eyesight. (SInv)
You can survive without breathing.
You have a pair of small antennae on your head.
You are partially covered in icy blue scales. (AC +2)
You are partially covered in yellow scales. (AC +2)
You possess an exceptional clarity of mind.
Your body sometimes deteriorates upon taking damage.
You are dopey. (Int -2)
Your flesh is heat resistant. (rF+)
You occasionally shout uncontrollably at your foes.
You are covered in fur. (AC +1)
Your muscles are strong. (Str +2)
Your spells are a little harder to cast, but a little more powerful.
Your movements are slightly less encumbered by armour. (ER -2)


Message History

The kobold dies!
The bolt of electricity misses you.
Xom is highly amused!
The electric eel shoots out a bolt of lightning at you!
The bolt of electricity hits the electric eel.
The electric eel completely resists.
The bolt of electricity hits you!
* * * LOW HITPOINT WARNING * * *
Unknown command.
The electric eel shoots out a bolt of lightning at you!
The bolt of electricity hits you!
* * * LOW HITPOINT WARNING * * *
Xom thinks this is hilarious!
The electric eel shoots out a bolt of lightning at you!
The bolt of electricity hits the electric eel.
The electric eel completely resists.
The bolt of electricity hits the kobold.
The kobold dies!
The bolt of electricity hits you!
You die...
Xom giggles madly!

...............# #
...............# #
........####.................# #
......................(......# #
.....................<.......# #
.............................# #
............ .......[.s....[####
..........############'#o........
..........#....s@......#.......[.
........K)#...)........#.........
..†........)...........'...[.....
≈≈≈≈≈≈≈≈≈E;≈≈≈≈≈≈≈≈≈8..#......###
≈≈≈≈≈≈≈≈≈;≈≈≈≈≈≈≈≈≈8≈..#......#
#################'.≈≈..#......#
#o≈≈.##......# #≈≈.........#
...........#


You could see an emperor scorpion, a water elemental (wandering), 2 electric
eels and an orc (wandering).

Vanquished Creatures
  A hydra (Lair:6)
  A two-headed ogre (D:8)
  9 death yaks
  2 alligators (Lair:5)
  An unseen horror (D:11)
  A swamp dragon (Lair:5)
  Pikel (D:4)
  A lindwurm (Lair:6)
  The ghost of Murfle the Cleaver, a novice GrFi of Hepliaklqana (D:8)
  A wolf spider (Lair:5)
  A faun (D:7)
  A salamander (Lair:6)
  3 elephants (Lair:6)
  2 black mambas (Lair:6)
  Psyche (D:8)
  2 molten gargoyles (Lair:6)
  9 spiny frogs
  A rime drake (Lair:2)
  9 komodo dragons
  A tyrant leech (Lair:4)
  2 slime creatures (Lair:5)
  A troll (D:9)
  A jumping spider (Lair:4)
  A hornet (D:10)
  20 blink frogs
  2 dream sheep (Lair:5)
  Grinder (D:6)
  7 hippogriffs
  4 redbacks (Lair:4)
  A water elemental (D:10)
  A tarantella (Lair:5)
  4 hogs (D:7)
  A golden eye (shapeshifter) (Lair:6)
  2 wyverns
  16 yaks
  A wraith (D:11)
  A fire elemental (D:10)
  A human (D:7)
  5 basilisks
  3 steam dragons
  3 swamp worms (Lair:5)
  A porcupine (shapeshifter) (D:9)
  3 hell hounds (Lair:6)
  10 water moccasins
  A soldier ant (shapeshifter) (Lair:4)
  15 porcupines
  2 swamp drakes (Lair:5)
  An ice beast (D:7)
  4 orc warriors
  7 sky beasts
  2 black bears
  3 necrophages
  3 ogres
  2 phantoms
  A boggart (D:5)
  7 crocodiles
  2 big kobolds
  15 bullfrogs
  A bullfrog (shapeshifter) (D:8)
  A wyvern skeleton (D:10)
  3 scorpions
  A scorpion (shapeshifter) (D:7)
  2 wights (D:9)
  11 killer bees
  An electric eel (Lair:3)
  5 howler monkeys
  4 crimson imps
  3 lava snakes (Lair:6)
  3 hounds
  5 jellies
  A bullfrog skeleton (D:9)
  4 orc priests
  4 iguanas
  11 orc wizards
  A hell rat (Lair:1)
  A worker ant (D:10)
  11 river rats (Lair:1)
  6 adders
  3 shadow imps
  An ooze (D:4)
  An adder skeleton (D:5)
  3 worms
  3 dart slugs
  10 leopard geckos
  31 orcs
  5 bats
  7 giant cockroaches
  17 goblins
  9 hobgoblins
  14 jackals
  A quokka (D:7)
  A frilled lizard (D:1)
  A giant cockroach zombie (D:5)
  14 kobolds
  A quokka skeleton (D:9)
  6 rats
  A rat (shapeshifter) (D:6)
  A bush (Lair:6)
  3 fungi
  2 plants
420 creatures vanquished.

Vanquished Creatures (collateral kills)
  A two-headed ogre (D:9)
  An unseen horror (D:7)
  A spiny frog (Lair:4)
  A troll (D:9)
  Prince Ribbit (D:6)
  5 yaks
  2 wights (D:9)
  A crimson imp (D:10)
  A bullfrog zombie (D:9)
  A howler monkey skeleton (D:9)
  A goblin (D:6)
  2 kobolds (D:6)
18 creatures vanquished.

Vanquished Creatures (others)
  2 death yaks (Lair:5)
  A manticore (Lair:5)
  3 blink frogs (Lair:4)
  2 dream sheep (Lair:5)
  An air elemental (D:10)
  4 yaks
  A necrophage (D:9)
  A river rat (Lair:1)
  An orc (D:4)
  4 kobolds (D:11)
  3 bushes
  23 fungi
  31 plants
77 creatures vanquished.

Grand Total: 515 creatures vanquished

Notes
Turn   | Place    | Note
-------+----------+-------------------------------------------
     0 | D:1      | Jannitor the Vampire Chaos Knight began the quest for the Orb.
     0 | D:1      | Reached XP level 1. HP: 17/17 MP: 1/1
    69 | D:1      | Reached XP level 2. HP: 23/23 MP: 2/2
   162 | D:1      | XOM: harmless Air miscast
   167 | D:1      | Reached skill level 1 in Stealth
   271 | D:1      | XOM: divination: magic mapping
   777 | D:1      | Reached XP level 3. HP: 29/29 MP: 3/3
   968 | D:2      | XOM: divination: detect creatures
  1149 | D:2      | Found a bloodstained altar of Trog.
  1447 | D:3      | Reached XP level 4. HP: 35/35 MP: 4/4
  1831 | D:3      | Noticed Robin
  2179 | D:3      | XOM: mild Chrm miscast
  2186 | D:3      | Found a runed door.
  2217 | D:3      | Found a shattered altar of Ashenzari.
  2428 | D:4      | Noticed a slave
  2429 | D:4      | XOM: potion effect (brilliance)
  2430 | D:4      | Noticed a slave
  2431 | D:4      | Noticed Pikel
  2431 | D:4      | Noticed a slave
  2434 | D:4      | XOM: potion effect (might)
  2436 | D:4      | XOM: potion effect (brilliance)
  2437 | D:4      | Noticed a slave
  2442 | D:4      | Killed Pikel
  2442 | D:4      | Reached skill level 5 in Stealth
  2442 | D:4      | Reached XP level 5. HP: 43/43 MP: 5/5
  2442 | D:4      | Reached XP level 6. HP: 49/49 MP: 6/6
  2442 | D:4      | Reached XP level 7. HP: 55/55 MP: 7/7
  2464 | D:4      | XOM: harmless Necr miscast
  2563 | D:4      | XOM: harmless Tloc miscast
  2680 | D:4      | Found an iron altar of Okawaru.
  2983 | D:4      | XOM is BORED!
  2983 | D:4      | XOM: give mutations
  2983 | D:4      | Gained mutation: You tend to lose your temper in combat. [Xom's mischief]
  2983 | D:4      | Lost mutation: You tend to lose your temper in combat. [Xom's mischief]
  2983 | D:4      | Gained mutation: You are dopey. (Int -2) [Xom's mischief]
  3020 | D:4      | XOM: severe Fire miscast
  3117 | D:5      | Entered Level 5 of the Dungeon
  3172 | D:5      | Reached skill level 5 in Dodging
  3190 | D:5      | XOM: noise
  3240 | D:5      | Reached skill level 5 in Long Blades
  3242 | D:5      | XOM: mild Hex miscast
  3384 | D:5      | Reached skill level 5 in Fighting
  3386 | D:5      | XOM: confusion (+ monsters)
  3393 | D:5      | XOM: blink monster(s)
  3398 | D:5      | XOM: swap monsters
  3404 | D:5      | Reached XP level 8. HP: 47/62 MP: 8/8
  3493 | D:5      | XOM: harmless Hex miscast
  3868 | D:5      | Found a sacrificial altar of Ru.
  4006 | D:6      | Noticed Grinder
  4025 | D:6      | XOM: confuse monster(s)
  4036 | D:6      | Reached skill level 1 in Shields
  4071 | D:6      | Noticed Prince Ribbit
  4114 | D:6      | Paralysed by Grinder for 3 turns
  4119 | D:6      | XOM: confusion
  4131 | D:6      | XOM: confusion
  4142 | D:6      | Killed Grinder
  4191 | D:6      | XOM: give mutation
  4191 | D:6      | Gained mutation: You have a pair of small antennae on your head. [Xom's mischief]
  4192 | D:6      | XOM: mild Necr miscast
  4363 | D:6      | XOM: polymorph crimson imp -> quasit
  4367 | D:6      | XOM: polymorph quasit -> crimson imp
  4605 | D:6      | XOM: confuse monster(s)
  4607 | D:6      | XOM: summons friendly white imp
  4616 | D:6      | Killed Prince Ribbit
  4616 | D:6      | Reached XP level 9. HP: 68/68 MP: 9/9
  4632 | D:6      | Found a bloodstained altar of Trog.
  4805 | D:6      | XOM: polymorph white imp -> quasit
  4808 | D:7      | XOM: noise
  5077 | D:7      | Found a staircase to the Ecumenical Temple.
  5318 | D:7      | XOM: polymorph jelly -> worker ant
  5332 | D:7      | XOM: divine lightning
  5333 | D:7      | Noticed an unseen horror
  5333 | D:7      | a yak changed into an unseen horror
  5333 | D:7      | XOM: polymorph yak -> unseen horror
  5338 | D:7      | XOM: cast spell 'Summon Horrible Things'
  5358 | D:7      | Killed an unseen horror
  5415 | D:7      | XOM: give mutation
  5415 | D:7      | Gained mutation: You are partially covered in yellow scales. (AC +2) [Xom's grace]
  5535 | D:7      | XOM: confuse monster(s)
  5548 | D:7      | XOM: cleaving
  5622 | D:7      | Reached XP level 10. HP: 56/78 MP: 10/10
  5883 | D:7      | XOM: cleaving
  6025 | D:7      | XOM: god gift: weird glowing staff {god gift}
  6037 | D:8      | Noticed a two-headed ogre
  6045 | D:7      | Noticed a faun
  6045 | D:7      | a two-headed ogre changed into a faun
  6065 | D:7      | Killed a faun
  6233 | D:8      | Reached skill level 5 in Shields
  6438 | D:8      | Noticed a two-headed ogre
  6446 | D:8      | XOM: enchant monster (good)
  6469 | D:8      | Killed a two-headed ogre
  6637 | D:8      | XOM: confuse monster(s)
  6749 | D:8      | Noticed Murfle's ghost (novice GrFi)
  6752 | D:7      | XOM: cleaving
  6754 | D:7      | XOM: divination: magic mapping
  6761 | D:7      | Reached skill level 1 in Armour
  6903 | D:8      | Noticed Psyche
  6906 | D:8      | XOM: confuse monster(s)
  6921 | D:8      | Killed Psyche
  6934 | D:8      | Killed Murfle's ghost
  7090 | D:9      | XOM: smoke on damage
  7209 | D:9      | XOM: divine lightning
  7230 | D:9      | XOM: smoke on damage
  7233 | D:9      | Noticed a two-headed ogre
  7234 | D:9      | XOM: destruction
  7240 | D:9      | XOM: cast spell 'Summon Butterflies'
  7242 | D:9      | XOM: summons 5 friendly demons
  7245 | D:9      | Killed a two-headed ogre
  7264 | D:9      | Reached XP level 11. HP: 27/86 MP: 11/11
  7732 | D:9      | XOM: 2-stop teleportation journey
  7735 | D:9      | XOM: give mutation
  7735 | D:9      | Gained mutation: Your spells are a little harder to cast, but a little more powerful. [Xom's grace]
  7741 | D:9      | XOM: mild Air miscast
  7823 | D:9      | XOM: polymorph hippogriff -> wind drake
  7825 | D:9      | Noticed a harpy
  7825 | D:9      | a wind drake changed into a harpy
  7826 | D:9      | a harpy changed into a blink frog
  7984 | D:10     | Entered Level 10 of the Dungeon
  7984 | D:10     | Found a shimmering altar of Xom.
  8004 | D:10     | Found a staircase to the Lair.
  8708 | D:10     | Found a large runed door.
  8709 | D:10     | Found a large runed door.
  9100 | D:10     | XOM: noise
  9204 | D:10     | XOM: fog
  9206 | D:10     | Reached skill level 10 in Dodging
  9208 | D:10     | XOM: summons friendly crimson imp
  9283 | D:10     | XOM: polymorph crimson imp -> iron imp
  9314 | D:10     | XOM: confuse monster(s)
  9316 | D:10     | XOM: summons 7 friendly demons
  9760 | D:10     | XOM: cloud trail
  9871 | Lair:1   | Entered Level 1 of the Lair of Beasts
 10362 | Lair:1   | XOM: harmless Pois miscast
 10406 | Lair:1   | XOM: polymorph hell rat -> hell hound
 10430 | Lair:1   | XOM: smoke on damage
 10435 | Lair:1   | XOM: cast spell 'Dispersal'
 10511 | Lair:1   | XOM: divination: detect items
 10809 | Lair:2   | XOM: mild Conj miscast
 10821 | Lair:2   | XOM: cast spell 'Leda's Liquefaction'
 10947 | Lair:2   | Noticed a seven-headed hydra
 11030 | Lair:2   | XOM: noise
 11075 | Lair:2   | XOM: mild Pois miscast
 11217 | Lair:2   | XOM: potion effect (agility)
 11220 | Lair:2   | Reached skill level 10 in Long Blades
 11221 | Lair:2   | XOM: confusion (+ monsters)
 11227 | Lair:2   | XOM: divination: magic mapping
 11234 | Lair:2   | XOM: summons friendly iron imp
 11415 | Lair:2   | XOM: mild Hex miscast
 11676 | Lair:3   | Noticed an eight-headed hydra
 11755 | Lair:3   | Reached skill level 5 in Armour
 11768 | Lair:3   | Reached XP level 12. HP: 96/96 MP: 12/12
 11835 | Lair:4   | XOM: cleaving
 11915 | Lair:4   | XOM: polymorph blink frog -> soldier ant
 12017 | Lair:4   | XOM: mild Tloc miscast
 12019 | Lair:4   | XOM: harmless Tmut miscast
 12111 | Lair:3   | XOM: summons 1 hostile demon
 12254 | Lair:3   | XOM: chaos cloud
 12370 | Lair:3   | XOM: severe Chrm miscast
 12404 | Lair:3   | XOM: swap monsters
 12487 | Lair:3   | XOM: 2-stop teleportation journey
 12586 | Lair:3   | Noticed Snorg
 12830 | Lair:4   | Reached skill level 10 in Fighting
 12927 | Lair:4   | Found a glowing golden altar of the Shining One.
 12950 | Lair:4   | Found a hole to the Spider Nest.
 12976 | Lair:4   | XOM: blink monster(s)
 13033 | Lair:4   | XOM: give mutation
 13033 | Lair:4   | Gained mutation: You are partially covered in icy blue scales. (AC +2) [Xom's grace]
 13063 | Lair:4   | XOM: give mutations
 13063 | Lair:4   | Gained mutation: You are covered in fur. (AC +1) [Xom's grace]
 13063 | Lair:4   | Gained mutation: You possess an exceptional clarity of mind. [Xom's grace]
 13178 | Lair:4   | Found a staircase to the Swamp.
 13442 | Lair:4   | XOM: harmless Erth miscast
 13462 | Lair:4   | XOM: divine lightning
 13473 | Lair:4   | XOM: divine lightning
 13485 | Lair:4   | XOM: destruction
 13503 | Lair:4   | XOM: scenery: create altars
 13667 | Lair:4   | XOM: summons friendly chaos spawn
 13717 | Lair:4   | XOM: give mutations
 13717 | Lair:4   | Gained mutation: Your movements are slightly less encumbered by armour. (ER -2) [Xom's grace]
 13717 | Lair:4   | Gained mutation: You are robust. (+10% HP) [Xom's grace]
 13717 | Lair:4   | Gained mutation: You are somewhat resistant to further mutation. [Xom's grace]
 13924 | Lair:4   | XOM: scenery: create altars
 14184 | Lair:5   | XOM: destruction
 14185 | Lair:5   | Noticed an alligator
 14186 | Lair:5   | XOM: summons 4 friendly demons
 14187 | Lair:5   | XOM: 2-stop teleportation journey
 14188 | Lair:5   | Noticed a death yak
 14188 | Lair:5   | Noticed a death yak
 14189 | Lair:5   | Noticed a death yak
 14189 | Lair:5   | Noticed a death yak
 14190 | Lair:5   | Noticed a death yak
 14192 | Lair:5   | Noticed a death yak
 14198 | Lair:5   | Killed a death yak
 14198 | Lair:5   | XOM: divine lightning
 14206 | Lair:5   | Killed a death yak
 14206 | Lair:5   | XOM: divine lightning
 14207 | Lair:5   | XOM: enchant monster (good)
 14210 | Lair:5   | Killed a death yak
 14214 | Lair:5   | Killed a death yak
 14226 | Lair:5   | Killed a death yak
 14236 | Lair:5   | Killed a death yak
 14254 | Lair:5   | XOM: polymorph hippogriff -> tarantella
 14255 | Lair:5   | XOM: give mutations
 14255 | Lair:5   | Lost mutation: You are somewhat resistant to further mutation. [Xom's grace]
 14255 | Lair:5   | Gained mutation: You evolve. [Xom's grace]
 14255 | Lair:5   | Gained mutation: You have sharp toenails. [Xom's grace]
 14255 | Lair:5   | Gained mutation: Your flesh is heat resistant. (rF+) [Xom's grace]
 14436 | Lair:5   | XOM: medium Erth miscast
 14511 | Lair:5   | an alligator changed into a wolf spider
 14511 | Lair:5   | XOM: polymorph alligator -> wolf spider
 14545 | Lair:5   | Found a viscous altar of Jiyva.
 14555 | Lair:5   | Found a staircase to the Slime Pits.
 14584 | Lair:5   | XOM: polymorph swamp dragon -> manticore
 14832 | Lair:5   | XOM: god gift: glowing great sword {god gift}
 14888 | Lair:5   | Noticed an alligator
 14893 | Lair:5   | Reached XP level 13. HP: 112/114 MP: 13/13
 14928 | Lair:5   | XOM: divination: magic mapping
 15065 | Lair:5   | Reached skill level 1 in Evocations
 15368 | Lair:6   | Entered Level 6 of the Lair of Beasts
 15369 | Lair:6   | XOM: confuse monster(s)
 15466 | Lair:6   | XOM: smoke on damage
 15476 | Lair:6   | XOM: scenery: create altars
 15484 | Lair:6   | XOM: god gift: 8 potions of blood
 15485 | Lair:6   | XOM: potion effect (might)
 15508 | Lair:6   | XOM: summons friendly chaos spawn
 15509 | Lair:6   | XOM: polymorph yak -> golden eye
 15631 | Lair:6   | XOM: scenery: create altars
 15636 | Lair:6   | XOM: divination: magic mapping
 15690 | Lair:6   | XOM: blink monster(s)
 15699 | Lair:6   | XOM: polymorph basilisk -> salamander
 15829 | Lair:6   | XOM: enchant monster (bad)
 15831 | Lair:6   | XOM: confuse monster(s)
 15838 | Lair:6   | XOM: confuse monster(s)
 15969 | Lair:6   | XOM: enchant monster (bad)
 15976 | Lair:6   | XOM: summons friendly white imp
 16016 | Lair:6   | XOM: give mutations
 16016 | Lair:6   | Lost mutation: You have sharp toenails. [Xom's mischief]
 16016 | Lair:6   | Gained mutation: You occasionally shout uncontrollably at your foes. [Xom's mischief]
 16139 | Lair:6   | XOM: harmless Air miscast
 16231 | Lair:6   | XOM: 2-stop teleportation journey
 16244 | Lair:6   | Noticed a fire dragon
 16357 | Lair:6   | Found a large runed door.
 16357 | Lair:6   | Found a large runed door.
 16360 | Lair:6   | XOM: destruction
 16376 | Lair:6   | XOM: confuse monster(s)
 16377 | Lair:6   | XOM: medium Tmut miscast
 16642 | D:11     | XOM: polymorph orc wizard -> porcupine
 16837 | D:11     | Noticed an emperor scorpion
 16837 | D:11     | a five-headed hydra changed into an emperor scorpion
 16837 | D:11     | XOM: polymorph five-headed hydra -> emperor scorpion
 16859 | D:11     | XOM: harmless Air miscast
 16860 | D:11     | XOM: give mutations
 16860 | D:11     | Gained mutation: Your muscles are strong. (Str +2) [Xom's mischief]
 16860 | D:11     | Gained mutation: Your body sometimes deteriorates upon taking damage. [Xom's mischief]
 16860 | D:11     | Lost mutation: You are robust. (+10% HP) [Xom's mischief]
 16860 | D:11     | Lost mutation: You evolve. [Xom's mischief]
 16892 | D:10     | XOM: medium Summ miscast
 17012 | D:11     | XOM: enchant monster (bad)
 17013 | D:11     | XOM: mild Air miscast
 17082 | D:11     | XOM: enchant monster (good)
 17086 | D:11     | XOM: cleaving
 17121 | D:11     | XOM: medium Chrm miscast
 17126 | D:11     | HP: 2/106 [electric eel/bolt of electricity (6)]
 17126 | D:11     | Killed from afar by an electric eel

Skill      XL: |  1  2  3  4  5  6  7  8  9 10 11 12 13 |
---------------+----------------------------------------+-----
Fighting       | 3 4 5 7 8 9 10 11 | 11.3
Stealth        | 2 5 7 8 |  8.0
Dodging        | 4 5 6 8 9 10 12 | 12.8
Long Blades    | 4 5 6 7 9 10 11 12 | 12.1
Shields        | 2 4 5 |  5.4
Armour         | 2 5 6 7 |  7.8
Evocations     | 4 |  4.1

Action                   |  1- 3 |  4- 6 |  7- 9 | 10-12 | 13-15 || total
-------------------------+-------+-------+-------+-------+-------++-------
Melee: Falchion          |   102 |    79 |   392 |   116 |       ||   689
       Bite              |    10 |     9 |    53 |    98 |    52 ||   222
       Scimitar          |       |       |       |   794 |   368 ||  1162
       Kick              |       |       |       |    25 |    83 ||   108
Evoke: Wand              |       |       |     2 |    10 |     9 ||    21
       Fan of gales      |       |       |       |       |     1 ||     1
  Use: Potion            |    10 |     5 |    21 |    57 |    18 ||   111
       Scroll            |       |       |    11 |    18 |     5 ||    34
 Stab: Confused          |     1 |     1 |     7 |     4 |     7 ||    20
       Sleeping          |     1 |     5 |    10 |    25 |     4 ||    45
       Paralysed         |       |     2 |     2 |       |       ||     4
       Distracted        |       |       |     1 |     4 |     1 ||     6
       Petrifying        |       |       |     1 |       |       ||     1
       Invisible         |       |       |       |     9 |       ||     9
       Petrified         |       |       |       |     1 |       ||     1
Armor: Leather armour    |    35 |    21 |    81 |   118 |       ||   255
       Skin              |       |       |       |    12 |       ||    12
       Swamp dragon scal |       |       |       |     4 |    94 ||    98
Dodge: Dodged            |    71 |    53 |   229 |   594 |   260 ||  1207
Block: Buckler           |       |       |    44 |   323 |   196 ||   563
       Reflection        |       |       |       |       |     7 ||     7
       Rpst.: Falchion   |    26 |    18 |    69 |    15 |       ||   128
       Scimitar          |       |       |       |   145 |    63 ||   208
